AoeStats
← BogeyXXS

Arabian Desert

509638151Analyzed
1v1 RM · 6d ago on Sep 27, 2026· 43m 24s· 2 players
Game mode
Random Map
Map size
Tiny (2 player)
Population
200
Speed
Normal
Resources
Standard
Victory
Conquest
Starting age
Dark Age
Ending age
Imperial Age
RankedLock teamsTeams togetherTeam positionsShared explorationLock speedFull tech treeHidden civsTurbo modeCheats
Victory
Defeat
🇺🇸 Armenians · United States
726
+16
🇪🇸 Bulgarians · Spain
729
-16
Luisftrujillob
7:56 Loom
11:16 Feudal Age
13:24 Horse Collar
15:00 Arson
15:54 Man-at-Arms
17:31 Long Swordsman
30:26 Forging
35:21 Scale Mail Armor
35:11 Fletching
35:21 Padded Archer Armor
41:58 Castle Age
BogeyXXS
7:15 Loom
10:32 Feudal Age
11:00 Double-Bit Axe
13:23 Wheelbarrow
14:47 Arson
23:12 Forging
40:30 Castle Age
43:22 Padded Archer Armor
Connection lost

Rejoining the realm…

Still unreachable

The connection could not be restored.

Session expired

The server has moved on; the page needs a fresh start.